 Dungeon Crawl Stone Soup version 0.21.1-1-g345015f (webtiles) character file.

45 tidbits the Insei (level 3, 0/28 HPs)
             Began as a Gnoll Transmuter on Mar 14, 2018.
             Killed by divine providence
             ... invoked by an orc priest
              (13 damage)
             ... on level 3 of the Dungeon.
             The game lasted 00:04:15 (517 turns).

tidbits the Insei (Gnoll Transmuter)                 Turns: 517, Time: 00:04:16

Health: 0/28       AC:  2    Str: 12    XL:     3   Next: 64%
Magic:  16/18      EV: 23    Int: 16    God:
Gold:   32         SH:  0    Dex: 20    Spells: 6/12 levels left

rFire    . . .     SeeInvis .     - Unarmed
rCold    . . .     Gourm    .   (shield currently unavailable)
rNeg     . . .     Faith    .   (armour currently unavailable)
rPois    x         Spirit   .   (helmet currently unavailable)
rElec    .         Reflect  .   (cloak currently unavailable)
rCorr    .         Harm     .   (gloves currently unavailable)
MR       .....                  (boots currently unavailable)
Stlth    ++........             (no amulet)
HPRegen  0.09/turn              h - ring of magical power
MPRegen  0.16/turn              (no ring)

@: spider-form
A: tiny, distributed training, strong nose
a: End Transformation


You were on level 3 of the Dungeon.
You were not hungry.
You were a venomous arachnid creature.
You visited 1 branch of the dungeon, and saw 3 of its levels.

You collected 32 gold pieces.

Inventory:

Missiles
 a - 9 arrows
 e - 28 stones (quivered)
 i - 3 tomahawks
 k - 49 sling bullets
Armour
 b - a +0 robe (melded)
Jewellery
 h - a ring of magical power (left front leg)
   (You found it on level 1 of the Dungeon)
Scrolls
 g - 3 scrolls of teleportation {unknown}
 j - a scroll of identify {unknown}
 m - a scroll of blinking {unknown}
 n - a scroll of immolation {unknown}
 p - a scroll of amnesia {unknown}
Potions
 f - 2 potions of flight
 l - a potion of brilliance {unknown}
 o - a potion of agility {unknown}
Books
 c - a book of Changes

   Spells                             Type                      Level
   a - Beastly Appendage              Transmutation                1
   b - Sticks to Snakes               Transmutation                2
   c - Spider Form                    Transmutation/Poison         3
   d - Ice Form                       Ice/Transmutation            4
   e - Blade Hands                    Transmutation                5
Comestibles
 d - 2 rations


   Skills:
 + Level 2.6 Fighting
 + Level 0.8 Short Blades
 + Level 0.8 Long Blades
 + Level 0.8 Axes
 + Level 0.8 Maces & Flails
 + Level 0.8 Polearms
 + Level 0.8 Staves
 + Level 0.8 Slings
 + Level 0.8 Bows
 + Level 0.8 Crossbows
 + Level 0.8 Throwing
 + Level 0.8 Armour
 + Level 4.5 Dodging
 + Level 0.8 Stealth
 + Level 0.8 Shields
 + Level 6.5 Unarmed Combat
 + Level 5.0 Spellcasting
 + Level 0.5 Conjurations
 + Level 0.5 Hexes
 + Level 0.5 Charms
 + Level 0.5 Summonings
 + Level 0.5 Necromancy
 + Level 0.5 Translocations
 + Level 3.7 Transmutations
 + Level 0.5 Fire Magic
 + Level 0.5 Ice Magic
 + Level 0.5 Air Magic
 + Level 0.5 Earth Magic
 + Level 0.5 Poison Magic
 + Level 1.0 Invocations
 + Level 0.8 Evocations


You had 6 spell levels left.
You knew the following spells:

 Your Spells              Type           Power        Failure   Level  Hunger
e - Beastly Appendage     Tmut           ###...       11%         1    None
k - Sticks to Snakes      Tmut           ###.....     14%         2    #......
p - Spider Form           Tmut/Pois      ##........   38%         3    ###....


Dungeon Overview and Level Annotations

Branches:
Dungeon (3/15)

Altars:
Uskayaw
Xom


Innate Abilities, Weirdness & Mutations

Your experience applies equally to all skills.
((You have very sharp teeth.))
Your uncanny sense of smell can sniff out nearby items.


Message History

The goblin completely misses you.
You bite the goblin!
You kill the goblin!
Things that are here:
a club; a goblin corpse Your transformation is almost over.
You open the door.
A frilled lizard comes into view.
Found a stone staircase leading down.
There is an open door here.
You closely miss the frilled lizard. The frilled lizard bites you.
You hit the frilled lizard.
You kill the frilled lizard!
Found a stone staircase leading up.
Found a stone staircase leading down.
There is a stone staircase leading down here.
Your transformation has ended.
Your +0 robe unmelds from your body.
Found a smoky ruby potion.
There is a stone staircase leading up here.
You climb upwards.
Found a ration, a robe and 24 bolts.
There is a stone staircase leading down here.
Unknown command.
You see here a ration.
d - 2 rations (gained 1)
There is a stone staircase leading down here.
You climb downwards.
There is a stone staircase leading up here.
Unknown command.
A rat comes into view.
Casting: Spider Form
Confirm with . or Enter, or press ? or * to list all spells.
You turn into a venomous arachnid creature.
Your +0 robe melds into your body.
You hit the rat but do no damage.
The rat is poisoned.
You kill the rat!
You see here a smoky ruby potion.
Unknown command.
You see here a smoky ruby potion.
o - a smoky ruby potion Your transformation is almost over.
A ball python comes into view.
Found a great mace and a scroll labeled JYXKIG KAFEVIMYNI.
You bite the ball python!
You kill the ball python!
Your transformation has ended.
Your +0 robe unmelds from your body.
You see here a scroll labeled JYXKIG KAFEVIMYNI.
p - a scroll labeled JYXKIG KAFEVIMYNI
There is a stone staircase leading down here.
You climb downwards.
There is a stone staircase leading up here.
Unknown command.
A frilled lizard comes into view.
The frilled lizard hisses angrily.
You hear an angry hiss.
You hear a shout! x2
A rat and an orc come into view.
The orc moves out of view.
There is a stone staircase leading up here.
You climb upwards.
There is a stone staircase leading down here.
Unknown command.
There is a stone staircase leading up here.
There is a stone staircase leading down here.
You climb downwards.
A frilled lizard, a hobgoblin and an orc wizard come into view.
The orc wizard casts a spell at you. The puff of flame hits you!
* * * LOW HITPOINT WARNING * * *
You hear a shout!
Found a mace, 7 gold pieces and a scroll labeled GUOSES UDGHU.
Found a shimmering altar of Xom.
There is a stone staircase leading up here.
Casting: Spider Form
Confirm with . or Enter, or press ? or * to list all spells.
You turn into a venomous arachnid creature.
Your +0 robe melds into your body.
The orc wizard casts a cantrip, but nothing happens.
An orc comes into view. It is wielding an enchanted hand axe.
An orc comes into view. It is wielding a dagger.
The orc shouts!
An orc priest comes into view.
The orc priest shouts!
You hit the hobgoblin but do no damage.
The hobgoblin is poisoned.
You hear a shout!
The hobgoblin completely misses you.
You hear a shout! x3
An orc comes into view.
The orc moves out of view.
The orc throws a tomahawk.
The tomahawk closely misses you.
The orc shouts!
You hear a shout!
You kill the hobgoblin!
The orc throws a tomahawk.
The tomahawk closely misses you.
There is a stone staircase leading up here.
You see here a tomahawk.
A kobold and an orc come into view.
Unknown command.
The orc priest mumbles some strange prayers to Beogh against you.
Beogh smites you!
You die...

.^_.. # #
..^^^. ... #.
....o. ...##.
..?.K.
......###...o..
............$..
.........oo....
#....s(#
#..)...#
##+#..)# #.o.#
#.... #....#
#o##.# .. .#
... .#


You could see an orc priest, an orc wizard, 4 orcs and a kobold.

Vanquished Creatures
  An adder (D:2)
  2 dart slugs (D:2)
  2 leopard geckos (D:2)
  3 bats
  A giant cockroach (D:2)
  2 goblins (D:2)
  3 hobgoblins
  2 ball pythons
  A frilled lizard (D:2)
  4 kobolds
  3 rats
24 creatures vanquished.

Vanquished Creatures (collateral kills)
  An adder (D:2)
1 creature vanquished.

Grand Total: 25 creatures vanquished

Notes
Turn   | Place    | Note
-------+----------+-------------------------------------------
     0 | D:1      | tidbits the Gnoll Transmuter began the quest for the Orb.
     0 | D:1      | Reached XP level 1. HP: 17/17 MP: 6/6
    91 | D:2      | Reached XP level 2. HP: 23/23 MP: 7/7
    97 | D:2      | Learned a level 2 spell: Sticks to Snakes
   113 | D:2      | Found a hide-covered altar of Uskayaw.
   200 | D:2      | Reached XP level 3. HP: 7/28 MP: 9/9
   205 | D:2      | Learned a level 3 spell: Spider Form
   295 | D:2      | Reached skill level 5 in Spellcasting
   407 | D:2      | Reached skill level 1 in Invocations
   509 | D:3      | Found a shimmering altar of Xom.
   517 | D:3      | Killed from afar by an orc priest

Skill      XL: |  1  2  3 |
---------------+----------+-----
Spellcasting   | 5 |  5.0
Invocations    | 1 |  1.0
Fighting       | |  2.6
Short Blades   | |  0.8
Long Blades    | |  0.8
Axes           | |  0.8
Maces & Flails | |  0.8
Polearms       | |  0.8
Staves         | |  0.8
Slings         | |  0.8
Bows           | |  0.8
Crossbows      | |  0.8
Throwing       | |  0.8
Armour         | |  0.8
Dodging        | |  4.5
Stealth        | |  0.8
Shields        | |  0.8
Unarmed Combat | |  6.5
Conjurations   | |  0.5
Hexes          | |  0.5
Charms         | |  0.5
Summonings     | |  0.5
Necromancy     | |  0.5
Translocations | |  0.5
Transmutations | |  3.7
Fire Magic     | |  0.5
Ice Magic      | |  0.5
Air Magic      | |  0.5
Earth Magic    | |  0.5
Poison Magic   | |  0.5
Evocations     | |  0.8

Action                   || total
-------------------------++-------
Melee: Unarmed           ||    49
       Bite              ||     2
       Kick              ||     4
       Headbutt          ||     1
 Cast: Beastly Appendage ||     5
       Sticks to Snakes  ||     3
       Spider Form       ||     7
  Use: Potion            ||     1
 Stab: Sleeping          ||     1
Armor: Robe              ||     4
Dodge: Dodged            ||    43

Table legend:
 A = Turns spent in this place as a percentage of turns spent in the entire game.
 B = Non-inter-level travel turns spent in this place as a percentage of non-inter-level travel turns spent in the entire game.
 C = Inter-level travel turns spent in this place as a percentage of turns spent in this place.
 D = Turns resting spent in this place as a percentage of non-inter-level travel turns spent in this place.
 E = Turns spent auto-exploring this place as a percentage of non-inter-level travel turns spent in this place.
 F = Non-inter-level travel turns spent in this place divided by the number of levels of this place that you've seen.
                   A       B       C       D       E      F
               +-------+-------+-------+-------+-------+----------------------
         Total | 100.0 | 100.0 |   0.0 |   0.0 |   0.0 | 172.3
       Dungeon | 100.0 | 100.0 |   0.0 |   0.0 |   0.0 | 172.3
               +-------+-------+-------+-------+-------+----------------------

Table legend:
 A = Kills in this place as a percentage of kills in entire the game.
 B = Kills by you in this place as a percentage of kills by you in the entire game.
 C = Kills by friends in this place as a percentage of kills by friends in the entire game.
 D = Other kills in this place as a percentage of other kills in the entire game.
 E = Experience gained in this place as a percentage of experience gained in the entire game.
 F = Experience gained in this place divided by the number of levels of this place that you have seen.
                   A       B       C       D       E      F
               +-------+-------+-------+-------+-------+----------------------
         Total | 100.0 | 100.0 | 100.0 |   N/A | 100.0 |  21.7
       Dungeon | 100.0 | 100.0 | 100.0 |   N/A | 100.0 |  21.7
               +-------+-------+-------+-------+-------+----------------------

Vault maps used:
D:1:      lemuel_arrival_broad_hall
D:2:      lemuel_doored_altar
D:3:      xom_teletrap_fun, uniq_ijyb
